 Dungeon Crawl Stone Soup version 0.18-a0-921-g28655ce (webtiles) character file.

1898 Duffy the Grappler (level 9, 0/73 HPs)
             Began as a Ghoul Fighter on Dec 27, 2015.
             Was an Elder of Cheibriados.
             Slain by an orc (2 damage)
             ... on level 6 of the Dungeon.
             The game lasted 00:08:27 (5569 turns).

Duffy the Grappler (Ghoul Fighter)                  Turns: 5569, Time: 00:08:27

Health: 0/73       AC:  9    Str: 29    XL:     9   Next: 15%
Magic:  8/8        EV: 10    Int: 13    God:    Cheibriados [****..]
Gold:   311        SH:  0    Dex: 19    Spells: 0 memorised, 8 levels left

rFire  . . .     SeeInvis .       - Unarmed
rCold  + . .     Gourm    .     J - +0 chain mail
rNeg   + + +     Faith    .     (no shield)
rPois  ∞         Spirit   .     (no helmet)
rElec  .         Dismiss  .     (no cloak)
rCorr  .         Reflect  .     (no gloves)
SustAt .         Harm     .     (no boots)
MR     .....                    (no amulet)
Stlth  ..........               (no ring)
                                (no ring)

@: rotting, very slow, not resistant to hostile enchantments, extremely
unstealthy
A: rotting body, claws 1, carnivore 3, cold resistance 1, negative energy
resistance 3, slow regeneration 1, torment resistance, unbreathing
a: Bend Time, Temporal Distortion, Slouch, Renounce Religion


You were on level 6 of the Dungeon.
You worshipped Cheibriados.
Cheibriados was greatly pleased with you.
You were not hungry.

You visited 1 branch of the dungeon, and saw 6 of its levels.
You also visited: Ossuary.

You collected 311 gold pieces.


Innate Abilities, Weirdness & Mutations

Your body is rotting away.
You thrive on raw meat.
You are immune to poison.
You have sharp fingernails.
You are carnivorous and can eat meat at any time.
Your flesh is cold resistant.
You are immune to negative energy.
You regenerate slowly when monsters are visible.
You are immune to unholy pain and torment.
You can survive without breathing.


   Skills:
 + Level 4.8 Fighting
 + Level 4.1 Armour
 + Level 2.5 Dodging
   Level 2.6 Shields
 * Level 11.1 Unarmed Combat


You had 8 spell levels left.
You didn't know any spells.

Inventory:

Missiles
 g - 2 throwing nets
 j - 46 poisoned needles
 n - 6 silver javelins
 o - 4 javelins (quivered)
 I - 10 tomahawks
Armour
 J - a +0 chain mail (worn)
Wands
 a - a wand of disintegration (12/24)
 p - a wand of frost (22/48)
Scrolls
 f - 7 scrolls of remove curse
 m - 2 scrolls of enchant weapon {unknown}
 q - 2 scrolls of enchant armour {unknown}
 r - 5 scrolls of identify {unknown}
 t - 2 scrolls of fear {unknown}
 u - 3 scrolls of teleportation {unknown}
 w - a scroll of blinking {unknown}
 x - 2 scrolls of amnesia {unknown}
 y - a scroll of noise {unknown}
 A - a scroll of random uselessness {unknown}
 B - a scroll of recharging {unknown}
 D - 4 scrolls of magic mapping {unknown}
 G - a scroll of fog {unknown}
Potions
 c - 2 potions of might
 e - a potion of cancellation {unknown}
 h - 2 potions of haste {unknown}
 i - 3 potions of lignification {unknown}
 l - a potion of ambrosia {unknown}
 s - 5 potions of curing {unknown}
 v - a potion of poison {unknown}
 z - a potion of berserk rage {unknown}
 C - 2 potions of heal wounds {unknown}
 F - 3 potions of mutation {unknown}
 H - a potion of agility {unknown}
Comestibles
 b - 3 chunks of flesh
 d - 3 meat rations
 k - 2 beef jerkies

Dungeon Overview and Level Annotations

Branches:
Dungeon (6/15)
 Temple: D:4-7

Altars:
Cheibriados
Elyvilon
Gozag
Trog
Xom
Zin

Shops:
D:5 *


Message History

The orc barely misses you. The orc wizard hits you with a dagger.
The orc hits you.
The orc warrior hits you but does no damage.
You scratch the orc warrior but do no damage.
You claw the orc warrior.
The orc warrior is severely wounded.
The orc closely misses you. The orc hits you.
The orc wizard hits you but does no damage.
The orc barely misses you.
You claw the orc warrior!
The orc warrior is almost dead.
The orc warrior hits you with a dire flail!
The orc barely misses you. The orc misses you.
The orc wizard points at you and mumbles some strange words.
You easily resist.
The orc hits you but does no damage.
You scratch the orc warrior but do no damage.
The orc warrior is almost dead.
The orc warrior closely misses you. The orc hits you but does no damage.
The orc wizard closely misses you.
You scratch the orc warrior but do no damage.
You claw the orc warrior, but do no damage.
The orc warrior is almost dead.
The orc hits you but does no damage. x2
The orc warrior hits you with a dire flail!
Your chain mail prevents you from hitting the orc warrior.
The orc warrior is almost dead.
The orc barely misses you.
The orc wizard hits you but does no damage.
The orc hits you. The orc barely misses you.
You closely miss the orc warrior.
You claw the orc warrior, but do no damage.
The orc warrior is almost dead.
The orc warrior hits you but does no damage.
The orc hits you.
You die...

#......##
#.......##
#........#
##........#
#.........#
#..........#
#(.........#
##....(.....#
#..o@o.......
#..ooo......
#...........
#.......[...
#..........#
#..........#
#..........#
#.........##


You could see an orc warrior, an orc wizard and 3 orcs.

Action                   |  1- 3 |  4- 6 |  7- 9 || total
-------------------------+-------+-------+-------++-------
Melee: Unarmed           |   131 |   144 |   228 ||   503
  Use: Scroll            |       |     1 |       ||     1
  Eat: Chunk             |    25 |     8 |    41 ||    74

Notes
Turn   | Place    | Note
--------------------------------------------------------------
     0 | D:1      | Duffy the Ghoul Fighter began the quest for the Orb.
     0 | D:1      | Reached XP level 1. HP: 19/19 MP: 0/0
   265 | D:1      | Reached skill level 3 in Unarmed Combat
   265 | D:1      | Reached XP level 2. HP: 26/26 MP: 1/1
   706 | D:1      | Reached XP level 3. HP: 31/31 MP: 2/2
   839 | D:1      | Reached skill level 4 in Unarmed Combat
  1224 | D:2      | Found an opulent altar of Gozag.
  1229 | D:2      | Found a snail-covered altar of Cheibriados.
  1229 | D:2      | Found a glowing silver altar of Zin.
  1230 | D:2      | Found a bloodstained altar of Trog.
  1235 | D:2      | Became a worshipper of Cheibriados the Contemplative
  1432 | D:2      | Reached XP level 4. HP: 38/38 MP: 3/3
  1790 | D:3      | Noticed Terence
  1813 | D:3      | Killed Terence
  1813 | D:3      | Reached skill level 5 in Unarmed Combat
  1888 | D:3      | Noticed Grinder
  1973 | D:4      | Reached * piety under Cheibriados
  2002 | D:4      | Found a white marble altar of Elyvilon.
  2053 | D:4      | Found a sand-covered staircase.
  2057 | Ossuary  | Entered an ossuary
  2057 | Ossuary  | Noticed a wraith
  2057 | Ossuary  | Noticed a wraith
  2057 | Ossuary  | Noticed a wraith
  2081 | Ossuary  | Reached XP level 5. HP: 18/45 MP: 4/4
  2483 | Ossuary  | Noticed a wraith
  2495 | Ossuary  | Killed a wraith
  2495 | Ossuary  | Reached skill level 6 in Unarmed Combat
  2495 | Ossuary  | Reached XP level 6. HP: 40/51 MP: 5/5
  2624 | D:5      | Entered Level 5 of the Dungeon
  2697 | D:4      | Reached skill level 7 in Unarmed Combat
  2716 | D:4      | Reached ** piety under Cheibriados
  2716 | D:4      | Reached skill level 8 in Unarmed Combat
  2716 | D:4      | Reached XP level 7. HP: 22/57 MP: 6/6
  3020 | D:3      | Noticed Natasha
  3026 | D:3      | Killed Natasha
  3139 | D:3      | Noticed Jessica
  3150 | D:3      | Killed Jessica
  3247 | D:3      | Noticed Natasha
  3255 | D:3      | Killed Natasha
  3749 | D:4      | Reached *** piety under Cheibriados
  3759 | D:5      | Noticed Eustachio
  3782 | D:4      | Killed Eustachio
  3782 | D:4      | Reached skill level 9 in Unarmed Combat
  3893 | D:5      | Reached XP level 8. HP: 34/63 MP: 7/7
  4011 | D:5      | Reached skill level 10 in Unarmed Combat
  4104 | D:5      | Reached skill level 3 in Armour
  4104 | D:5      | Reached skill level 1 in Dodging
  4197 | D:5      | Found Roshianta's Elemental Accessories.
  4784 | D:5      | Reached **** piety under Cheibriados
  5080 | D:6      | Reached skill level 4 in Fighting
  5149 | D:6      | Noticed Menkaure
  5155 | D:6      | Killed Menkaure
  5155 | D:6      | Reached skill level 2 in Dodging
  5213 | D:6      | Paralysed by Grinder for 7 turns
  5225 | D:6      | Paralysed by Grinder for 2 turns
  5231 | D:6      | Paralysed by Grinder for 3 turns
  5248 | D:5      | Killed Grinder
  5248 | D:5      | Reached skill level 4 in Armour
  5248 | D:5      | Reached XP level 9. HP: 58/72 MP: 8/8
  5318 | D:6      | Found a shimmering altar of Xom.
  5324 | D:6      | Reached skill level 11 in Unarmed Combat
  5409 | D:6      | Noticed Blork the orc
  5421 | D:6      | Killed Blork the orc
  5569 | D:6      | Slain by an orc

Vault maps used:
D:1:      minmay_arrival_cross
D:2:      grunt_temple_overflow_open, first_bread
D:3:      uniq_natasha, uniq_terence, uniq_grinder, uniq_jessica
D:4:      minmay_goblin_kobold_castle, nicolae_overflow_crystal_walls,
          enter_ossuary_5
D:5:      nicolae_elemental_shop, uniq_eustachio
D:6:      kennysheep_mini_moat, minmay_temple_entry_purple_smoke, uniq_menkaure,
          uniq_blork_the_orc
Ossuary:  ossuary_due_mausoleum

Vanquished Creatures
  Grinder Eustachio
  A wraith Menkaure
  An orc warrior
  A sky beast
  3 ogres
  A centaur Blork the orc
  A giant frog zombie
  3 orc priests
  5 orc wizards
  A giant frog skeleton Jessica Natasha (twice)
  Terence
  4 worker ants
  An iguana
  A mummy
  8 adders
  An ooze
  An adder skeleton
  A worm
  4 giant geckos
  13 orcs
  10 bats
  3 giant cockroaches
  10 hobgoblins
  4 jackals
  3 quokkas
  A ball python
  5 giant newts
  10 gnoll skeletons
  8 goblins
  12 kobolds
  6 kobold skeletons
  9 orc skeletons
  3 rats
143 creatures vanquished.
